 Dungeon Crawl Stone Soup version 0.24.0-123-gd5b16e6ec5 (webtiles) character file.

Game seed: 4618790312853482860, levelgen mode: deterministic

86 FishyPogo the Shield-Bearer (level 4, -4/43 HPs)
             Began as a Gargoyle Fighter on Dec 27, 2019.
             Killed by divine providence
             ... invoked by an orc priest
              (14 damage)
             ... on level 3 of the Dungeon.
             The game lasted 00:02:30 (1701 turns).

FishyPogo the Shield-Bearer (Gargoyle Fighter)      Turns: 1701, Time: 00:02:30

Health: -4/43      AC: 11    Str: 26    XL:     4   Next: 50%
Magic:  4/4        EV: 10    Int:  8    God:
Gold:   218        SH:  0    Dex:  9    Spells: 3/3 levels left

rFire    . . .     SeeInvis .   a - +0 flail
rCold    . . .     Gourm    .   (no shield)
rNeg     + . .     Faith    .   b - +0 scale mail
rPois    ∞         Spirit   .   (no helmet)
rElec    +         Reflect  .   l - +0 cloak
rCorr    .         Harm     .   (no gloves)
MR       .....                  (no boots)
Stlth    ..........             (no amulet)
HPRegen  0.14/turn              (no ring)
MPRegen  0.09/turn              (no ring)

@: berserking, very quick
A: negative energy resistance 1, electricity resistance, unbreathing,
petrification resistance, rot immunity, AC +3
a: no special abilities


You were on level 3 of the Dungeon.
You were not hungry.

You visited 1 branch of the dungeon, and saw 3 of its levels.

You collected 218 gold pieces.

Inventory:

Hand Weapons
 a - a +0 flail (weapon)
 w - a +2 mace of holy wrath
Missiles
 i - 111 stones (quivered)
 m - 16 poisoned darts
Armour
 b - a +0 scale mail (worn)
 c - a +0 shield
 l - a +0 cloak (worn)
Wands
 o - a wand of digging (2)
Scrolls
 e - 2 scrolls of identify {unknown}
 g - 2 scrolls of teleportation {unknown}
 k - 2 scrolls of remove curse {unknown}
 p - 3 scrolls of noise {unknown}
 u - a scroll of enchant weapon {unknown}
Potions
 d - 2 potions of might
 h - a potion of ambrosia {unknown}
 j - 2 potions of curing {unknown}
 q - a potion of brilliance {unknown}
 s - a potion of flight {unknown}
 t - a potion of degeneration {unknown}
 v - a potion of resistance {unknown}
Comestibles
 f - 5 rations
 r - 3 chunks of flesh


   Skills:
 * Level 4.1 Fighting
 + Level 2.5 Maces & Flails
 + Level 3.9 Armour
 * Level 4.1 Shields


You had 3 spell levels left.
You didn't know any spells.
Your spell library was empty.

Dungeon Overview and Level Annotations

Branches:
Dungeon (3/15)

Altars:


Innate Abilities, Weirdness & Mutations

You are resistant to torment.
Your stone body is resilient. (AC +3)
You are immune to poison.
You resist negative energy. (rN+)
You are resistant to electric shocks. (rElec)
You can survive without breathing.
You are immune to petrification.
You are immune to rotting.


Message History

The orc wizard is lightly wounded.
The orc barely misses you.
The orc wizard hits you but does no damage.
You sock the orc wizard!
The orc wizard is severely wounded.
The orc misses you.
The orc wizard hits you but does no damage.
You miss the orc wizard.
The orc wizard is severely wounded.
The orc wizard hits you but does no damage.
The orc hits you but does no damage.
You sock the orc wizard!
You kill the orc wizard!
The orc hits you with a +0 club.
* * * LOW HITPOINT WARNING * * *
You barely miss the orc.
The orc is heavily wounded.
The orc priest calls down the wrath of Beogh upon you.
Beogh smites you!
You die...

#........# #.#
#.######.###.#
#.# #.....#
##.# ###.###
#..# #.# #.##
#.# #.# #.#
#)# #.# #@#
#.# #o# #(#
#o# #o# #..
#.. #.. ...#


You could see an orc priest and 2 orcs.

Vanquished Creatures
  An orc wizard (D:3)
  An adder (D:2)
  A worm (D:2)
  2 dart slugs
  A leopard gecko (D:1)
  An orc (D:3)
  5 bats
  3 giant cockroaches
  3 goblins (D:1)
  6 hobgoblins (D:1)
  A quokka (D:2)
  A ball python (D:1)
  2 frilled lizards
  5 kobolds
  6 rats
39 creatures vanquished.

Notes
Turn   | Place    | Note
-------+----------+-------------------------------------------
     0 | D:1      | FishyPogo the Gargoyle Fighter began the quest for the Orb.
     0 | D:1      | Reached XP level 1. HP: 14/14 MP: 1/1
    94 | D:1      | Reached XP level 2. HP: 13/19 MP: 2/2
   406 | D:1      | Reached XP level 3. HP: 24/24 MP: 3/3
  1688 | D:3      | Reached XP level 4. HP: 20/29 MP: 4/4
  1701 | D:3      | Killed from afar by an orc priest

Levels and vault maps discovered:
D:1:      matt_arrival_diagonals, layout_loops_ring, minmay_pentomino_t4
D:2:      layout_basic
D:3:      layout_loops_ring, nicolae_overflow_hidden_temple, first_ration

Skill      XL: |  1  2  3 |
---------------+----------+-----
Shields        | 4 |  4.1
Fighting       | 4 |  4.1
Maces & Flails | |  2.5
Armour         | |  3.9

Action                   |  1- 3 |  4- 6 || total
-------------------------+-------+-------++-------
Melee: Flail             |   121 |    12 ||   133
  Use: Potion            |       |     1 ||     1
  Eat: Chunk             |     3 |       ||     3
Armor: Scale mail        |    74 |    10 ||    84
Dodge: Dodged            |    81 |    10 ||    91
